 Dungeon Crawl Stone Soup version 0.26.1-11-gd32895ea62 (webtiles) character file.

Game seed: 8505245075724365609

674 Zeld the Changer (level 7, 0/46 HPs)
             Began as an Octopode Transmuter on May 27, 2021.
             Was an Initiate of Gozag.
             Slain by Pikel
             ... wielding a +0 whip of electrocution
              (14 damage)
             ... on level 5 of the Dungeon.
             The game lasted 00:07:09 (8179 turns).

Zeld the Changer (Octopode Transmuter)              Turns: 8179, Time: 00:07:11

Health: 0/46       AC:  1    Str: 11    XL:     7   Next: 59%
Magic:  5/13       EV: 14    Int: 15    God:    Gozag
Gold:   320        SH:  0    Dex: 13    Spells: 5/15 levels left

rFire    . . .     SeeInvis .     - Unarmed
rCold    . . .     Faith    .   (no shield)
rNeg     . . .     Spirit   .   (helmet restricted)
rPois    +         Reflect  .   (no amulet)
rElec    .         Harm     .   (no ring)
rCorr    .         Rampage  .   g - ring of willpower
Will     +....                  p - ring of poison resistance
Stlth    ++........             (no ring)
HPRegen  0.15/turn              (no ring)
MPRegen  0.13/turn              (no ring)
                                (no ring)
                                (no ring)

@: very slightly contaminated
A: almost no armour, stealthy swim, amphibious, 8 rings, constrict 8, camouflage
1, gelatinous body 1
a: Renounce Religion, Potion Petition, Call Merchant, Bribe Branch


You were on level 5 of the Dungeon.
You worshipped Gozag.
Gozag was aware of your devotion.
You visited 1 branch of the dungeon, and saw 5 of its levels.

You collected 644 gold pieces.
You paid 324 gold pieces to Gozag.

Inventory:

Jewellery
 g - a ring of willpower (right tentacle)
 p - a ring of poison resistance (on tentacle)
Wands
 k - a wand of digging (6)
Scrolls
 b - 3 scrolls of identify
 d - a scroll of enchant weapon
 e - 3 scrolls of remove curse
 h - 2 scrolls of teleportation
 n - a scroll of blinking {unknown}
 o - a scroll of fear
Potions
 a - 2 potions of attraction {unknown}
 c - a potion of haste {unknown}
 f - a potion of brilliance {unknown}
 i - a potion of curing {unknown}
 j - a potion of flight {unknown}
 l - 3 potions of heal wounds {unknown}
 m - a potion of degeneration {unknown}


   Skills:
 + Level 3.2 Fighting
 + Level 3.7 Dodging
 - Level 3.0 Unarmed Combat
 * Level 4.6 Spellcasting
 * Level 5.0 Transmutations


You had 5 spell levels left.
You knew the following spells:

 Your Spells              Type           Power        Failure   Level
a - Beastly Appendage     Tmut           36%          2%          1
b - Wereblood             Tmut           18%          3%          2
c - Spider Form           Tmut/Pois      5%           19%         3
d - Ice Form              Ice/Tmut       11%          52%         4

Your spell library contained the following spells:

 Spells                   Type           Power        Failure   Level
 Magic Dart               Conj           12%          17%         1
 Blink                    Tloc           N/A          26%         2
 Call Imp                 Summ           3%           26%         2
 Slow                     Hex            3%           26%         2
 Conjure Flame            Conj/Fire      3%           45%         3
 Mephitic Cloud           Conj/Pois/Air  3%           45%         3
 Blade Hands              Tmut           9%           52%         5


Dungeon Overview and Level Annotations

Branches:
Dungeon (5/15)
 Temple: D:4-7

Altars:
Ashenzari
Gozag
Qazlal
Sif Muna
Xom
Zin

Annotations:
D:5 Pikel


Innate Abilities, Weirdness & Mutations

You cannot wear most types of armour.
You are very stealthy in the water. (Stealth+)
You are amphibious.
You can wear up to eight rings at the same time.
You can use your tentacles to constrict eight enemies at once.
Your skin changes colour to match your surroundings (Stealth+).
Your rubbery body absorbs attacks. (AC +1, EV +1)


Message History

You are too injured to fight recklessly!
You are too injured to fight recklessly!
Your transformation is almost over.
Your magical contamination has completely faded away.
Unknown command.
Your transformation has ended.
Pikel looks more healthy.
Pikel waves his whip at you.
Casting: Spider Form (dangerous; 19% risk of failure)
Confirm with . or Enter, or press ? or * to list all spells.
You miscast Spider Form.
You are very lightly contaminated with residual magic.
Nothing appears to happen.
Casting: Spider Form (dangerous; 19% risk of failure)
Confirm with . or Enter, or press ? or * to list all spells.
You miscast Spider Form.
Nothing appears to happen.
Pikel hits you with a +0 whip of electrocution.
You are electrocuted!
You die...
Your body crumbles into a pile of gold.

.## .# ##############
....##.......#
###.##.#####.#
.##.##.#####.#
..........##.#
.##.##.##.##.#########
....##..........@K..<#
.........###########.#
.##..###.# #.# .....#
#.# #.# ..#..###.# #.#
..#.=....##### #.#
.............# #5#
..##.#.#.....# #.#
..##.#.......# #.#


You could see Pikel.

Vanquished Creatures
  Grinder (D:4)
  A lemure (D:5)
  A scorpion (D:4)
  A howler monkey (D:4)
  A bullfrog skeleton (D:4)
  Crazy Yiuf (D:2)
  Natasha (thrice) (D:3)
  A worker ant (D:4)
  Terence (D:3)
  A hound skeleton (D:5)
  5 gnolls
  6 adders
  An ooze (D:1)
  An adder zombie (D:5)
  4 worms (D:2)
  A dart slug (D:3)
  3 orcs
  3 giant cockroaches
  7 goblins
  6 hobgoblins
  9 jackals
  4 kobolds
  2 quokkas
  6 bats
  A frilled lizard (D:1)
  A jackal skeleton (D:4)
  6 rats
78 creatures vanquished.

Vanquished Creatures (others)
  A fungus (D:2)
  18 plants (D:3)
19 creatures vanquished.

Grand Total: 97 creatures vanquished

Notes
Turn   | Place    | Note
-------+----------+-------------------------------------------
     0 | D:1      | Zeld the Octopode Transmuter began the quest for the Orb.
     0 | D:1      | Reached XP level 1. HP: 13/13 MP: 3/3
   239 | D:1      | Reached XP level 2. HP: 18/18 MP: 3/5
   242 | D:1      | Learned a level 2 spell: Wereblood
   304 | D:2      | Reached XP level 3. HP: 21/23 MP: 6/6
   315 | D:2      | Learned a level 3 spell: Spider Form
   459 | D:2      | Found an opulent altar of Gozag.
   465 | D:2      | Became a worshipper of Gozag Ym Sagoz the Greedy
   466 | D:2      | Found a glowing silver altar of Zin.
  1701 | D:2      | Reached XP level 4. HP: 28/28 MP: 6/8
  2006 | D:2      | Reached skill level 3 in Transmutations
  2031 | D:2      | HP: 1/29 [poisoned by an adder]
  2709 | D:2      | Found a runed translucent door.
  2710 | D:2      | Noticed Crazy Yiuf
  2770 | D:2      | Found a stormy altar of Qazlal.
  3425 | D:2      | Killed Crazy Yiuf
  3426 | D:2      | Reached XP level 5. HP: 30/34 MP: 3/9
  3536 | D:3      | Found a broken altar of Ashenzari.
  3551 | D:3      | Learned a level 4 spell: Ice Form
  3577 | D:3      | Found a shimmering altar of Xom.
  3757 | D:3      | Noticed Terence
  3764 | D:3      | Killed Terence
  4147 | D:3      | Noticed Natasha
  4156 | D:3      | Killed Natasha
  4253 | D:3      | Noticed Natasha
  4261 | D:3      | Killed Natasha
  4262 | D:3      | Reached XP level 6. HP: 37/40 MP: 4/11
  4868 | D:3      | Noticed Natasha
  4874 | D:3      | Killed Natasha
  5005 | D:3      | Found a shimmering altar of Xom.
  5043 | D:3      | Found a broken altar of Ashenzari.
  5840 | D:4      | Found a shimmering blue altar of Sif Muna.
  5921 | D:4      | Reached skill level 4 in Transmutations
  6857 | D:4      | Noticed Grinder
  6875 | D:4      | Killed Grinder
  6876 | D:4      | Reached XP level 7. HP: 30/46 MP: 7/13
  7537 | D:5      | Entered Level 5 of the Dungeon
  7591 | D:5      | Reached skill level 5 in Transmutations
  7809 | D:5      | Noticed Pikel
  8179 | D:5      | Slain by Pikel

Illustrated notes

Levels and vault maps discovered:
D:1:      tarquinn_simple_flora_water_d, layout_basic
D:2:      layout_basic, pdpol_temple_overflow_zin_treasury_gozag_greed,
          nicolae_qazlal_general_emergency, chequers_serial_rivers_room_a,
          uniq_crazy_yiuf_cottage
D:3:      layout_loops_corners, nicolae_overflow_crystal_walls,
          lemuel_round_altar, wad_woods_river_04, uniq_terence, uniq_natasha
D:4:      layout_cave_pods, lemuel_doored_altar, serial_column_ruins,
          column_ruins_open_small, column_ruins_columns_corner,
          column_ruins_open_tiny, column_ruins_open_tiny,
          column_ruins_columns_straight, uniq_grinder
D:5:      layout_loops_cross, minmay_temple_entry_nine_rooms, uniq_sigmund,
          uniq_pikel

Skill      XL: |  1  2  3  4  5  6  7 |
---------------+----------------------+-----
Transmutations | 3 4 5 |  5.0
Spellcasting   | 3 4 |  4.6
Fighting       | 2 3 |  3.2
Dodging        | 3 |  3.7
Unarmed Combat | |  3.0

Action                   |  1- 3 |  4- 6 |  7- 9 || total
-------------------------+-------+-------+-------++-------
Melee: Unarmed           |    58 |   171 |    46 ||   275
       Tentacles         |    12 |    28 |     1 ||    41
       Constrict         |    17 |    38 |     5 ||    60
       Kick              |     9 |     9 |       ||    18
 Cast: Beastly Appendage |    22 |    15 |       ||    37
       Spider Form       |       |    14 |     5 ||    19
       Wereblood         |       |     3 |       ||     3
Invok: Potion Petition   |       |     1 |       ||     1
Evoke: Wand              |     1 |       |       ||     1
  Use: Scroll            |       |     4 |     1 ||     5
 Stab: Sleeping          |     3 |     2 |     1 ||     6
Armor: Skin              |     7 |     6 |     1 ||    14
Dodge: Dodged            |    27 |   104 |    31 ||   162
